 Dungeon Crawl Stone Soup version 0.30.0-29-ga12c61a403 (webtiles) character file.

Game seed: 2013771198010665434

287 qw the Chopper (level 6, 0/38 HPs)
             Began as a Gargoyle Fighter on June 3, 2023.
             Killed from afar by an orc wizard (11 damage)
             ... with a puff of flame
             ... on level 5 of the Dungeon.
             The game lasted 00:01:19 (2141 turns).

qw the Chopper (Gargoyle Fighter)                   Turns: 2141, Time: 00:01:19

Health: 0/38       AC: 11    Str: 21    XL:     6   Next: 30%
Magic:  6/6        EV:  9    Int:  9    God:
Gold:   89         SH:  0    Dex:  9    Spells: 5/5 levels left

rFire   . . .        Y - +0 war axe
rCold   . . .        c - +0 buckler
rNeg    + . .        b - +0 scale mail
rPois   inf          (no helmet)
rElec   +            (no cloak)
rCorr   .            (no gloves)
SInv    .            (no boots)
Will    .....        (no amulet) Stlth
                     (no ring)
HPRegen 0.26/turn    (no ring)
MPRegen 0.10/turn

%: no passive effects
@: confused
A: sickness immunity, AC +4, negative energy resistance 1, electricity
resistance, torment resistance 1, petrification resistance
a: no special abilities


You were on level 5 of the Dungeon.
You visited 1 branch of the dungeon, and saw 4 of its levels.

You collected 89 gold pieces.


Innate Abilities, Weirdness & Mutations

You are immune to sickness and miasma.
Your stone body is resilient. (AC +4)
You are immune to poison.
You resist negative energy. (rN+)
You are resistant to electric shocks. (rElec)
You are resistant to unholy torment.
You are immune to petrification.


   Skills:
 - Level 4.0 Fighting
 - Level 5.4 Axes
 - Level 3.2 Armour
 + Level 0.8 Dodging
 - Level 3.2 Shields


You had 5 spell levels left.
You didn't know any spells.
Your spell library was empty.

Inventory:

Hand Weapons
 j - a +0 flail
 Y - a +0 war axe (weapon)
Armour
 b - a +0 scale mail (worn)
 c - a +0 buckler (worn)
 m - a +0 pair of gloves
Jewellery
 e - a ring of willpower
Scrolls
 f - a scroll of fog {unknown}
 g - a scroll of identify
 l - a scroll of poison {unknown}
Potions
 a - a potion of brilliance {unknown}
 d - a potion of might
 h - a potion of resistance {unknown}
 i - a potion of invisibility {unknown}
 k - a potion of heal wounds {unknown}
 n - a potion of flight {unknown}

Dungeon Overview and Level Annotations

Branches:
Dungeon (5/15)
 Temple: D:4-7

Altars:
Sif Muna


Message History

You hear some strange, mumbled words.
You are confused.
The hound stops to sniff the ground.
The hound bites you but does no damage. The adder closely misses you.
The hound barely misses you.
You hear some strange, mumbled words.
A puff of flame appears from out of thin air!
The puff of flame hits you but does no damage.
Something hits you but does no damage. The orc misses you.
The adder barely misses you. The hound closely misses you.
You hear some strange, mumbled words.
You are more confused.
The orc hits you but does no damage. Something hits you but does no damage.
The adder bites you. The hound bites you but does no damage.
The adder bites you but does no damage. The hound closely misses you.
The orc barely misses you.
Something hits you but does no damage. x2
The hound bites you but does no damage. The adder barely misses you.
Something hits you but does no damage. x2; The orc closely misses you.
The hound bites you. The adder barely misses you.
The hound bites you but does no damage. The orc closely misses you.
Something hits you but does no damage. x2; The adder barely misses you.
The hound closely misses you. The adder barely misses you.
Something completely misses you. The orc hits you but does no damage.
Something hits you but does no damage. The hound bites you.
The adder barely misses you. The hound closely misses you.
You hear some strange, mumbled words.
You are more confused.
Something hits you but does no damage. The orc closely misses you.
The adder barely misses you. The hound bites you but does no damage.
The orc barely misses you.
You hear some strange, mumbled words.
You are more confused.
Something hits you but does no damage. The hound barely misses you.
The adder bites you but does no damage. The hound bites you but does no damage.
Something hits you. The adder bites you.
You hear some strange, mumbled words.
A puff of flame appears from out of thin air!
The puff of flame hits you!
You die...

#### ########.# ...#
#........# ...##
#.......###### ....#
#............. ....#
#........).... ....#
#.......!..... ....#
#.............
...########......S......
#.#.............@ho.....
#...###..#......{{......
#...#.#...#######o......
#.###)#)#.# .......
#.#..)..#.# .......
#.###.###.. .......
....#.#....# .......
#...###...... .......
#.............


You could see a hound, an adder and 2 orcs.

Vanquished Creatures
  An ogre (D:5)
  A hound (D:5)
  3 orc wizards (D:5)
  3 adders
  A worm (D:2)
  2 orcs
  3 endoplasms
  A giant cockroach (D:3)
  4 goblins
  7 hobgoblins
  9 jackals
  5 quokkas
  8 ball pythons
  5 bats
  3 frilled lizards
  5 kobolds
  4 rats
65 creatures vanquished.

Notes
Turn   | Place    | Note
-------+----------+-------------------------------------------
     0 | D:1      | qw the Gargoyle Fighter began the quest for the Orb.
     0 | D:1      | Reached XP level 1. HP: 14/14 MP: 1/1
     0 | D:1      | 0 ||| qw: Version: 0.2-a-103-g5a998e5
     0 | D:1      | 0 ||| qw: Game counter: 1017
     0 | D:1      | 0 ||| qw: Always use a shield: true
     0 | D:1      | 0 ||| qw: God list: Okawaru
     0 | D:1      | 0 ||| qw: Allow faded altars: false
     0 | D:1      | 0 ||| qw: Do Orc after D:15 true
     0 | D:1      | 0 ||| qw: Do second Lair branch before Depths: true
     0 | D:1      | 0 ||| qw: Lair rune preference: random
     0 | D:1      | 0 ||| qw: Plans: Normal, Zot:1-4, Slime:5, God:TSO, Crypt,
                  | Tomb, Pan, Hells, Abyss, Win
     0 | D:1      | 0 ||| PLANNING D:1-11
    13 | D:1      | 13 ||| Stepping ~*~*~tactically~*~*~ (stealth).
    18 | D:1      | Reached skill level 2 in Axes
    82 | D:1      | Reached XP level 2. HP: 19/19 MP: 2/2
   189 | D:1      | 189 ||| Stepping ~*~*~tactically~*~*~ (stealth).
   195 | D:1      | 195 ||| Stepping ~*~*~tactically~*~*~ (stealth).
   357 | D:1      | Reached skill level 3 in Axes
   358 | D:1      | Reached XP level 3. HP: 20/23 MP: 3/3
   527 | D:1      | 527 ||| DROPPING +0 club.
   923 | D:1      | 923 ||| READING scroll labelled EXUETOLEDE.
   937 | D:1      | 937 ||| READING 2 scrolls labelled INKA ESKENTAD.
   938 | D:1      | 938 ||| READING scroll labelled ORAXZU INON DUC.
   954 | D:2      | Found a shimmering blue altar of Sif Muna.
  1087 | D:2      | 1087 ||| Stepping ~*~*~tactically~*~*~ (stealth).
  1200 | D:2      | 1200 ||| FLEEEEING.
  1201 | D:2      | 1201 ||| FLEEEEING.
  1357 | D:2      | 1357 ||| Stepping ~*~*~tactically~*~*~ (stealth).
  1359 | D:2      | 1359 ||| Stepping ~*~*~tactically~*~*~ (stealth).
  1366 | D:2      | Reached XP level 4. HP: 28/28 MP: 4/4
  1431 | D:2      | 1431 ||| Stepping ~*~*~tactically~*~*~ (stealth).
  1510 | D:2      | 1510 ||| FLEEEEING.
  1795 | D:3      | Reached skill level 4 in Axes
  1858 | D:3      | 1858 ||| Stepping ~*~*~tactically~*~*~ (hiding).
  1890 | D:3      | 1890 ||| Stepping ~*~*~tactically~*~*~ (stealth).
  1891 | D:3      | 1891 ||| Stepping ~*~*~tactically~*~*~ (stealth).
  1911 | D:3      | 1911 ||| Stepping ~*~*~tactically~*~*~ (stealth).
  1918 | D:3      | 1918 ||| DROPPING +0 whip.
  1919 | D:3      | 1919 ||| Stepping ~*~*~tactically~*~*~ (stealth).
  1967 | D:3      | You fall into a shaft and drop 2 floors!
  1967 | D:5      | Entered Level 5 of the Dungeon
  2023 | D:5      | Noticed an ogre
  2031 | D:5      | Reached XP level 5. HP: 22/32 MP: 5/5
  2033 | D:5      | Killed an ogre
  2034 | D:5      | Reached skill level 5 in Axes
  2091 | D:5      | Reached XP level 6. HP: 38/38 MP: 6/6
  2141 | D:5      | Killed from afar by an orc wizard

Levels and vault maps discovered:
D:1:      psy_arrival_fountain, layout_basic
D:2:      layout_loops_ring, basic_altar
D:3:      layout_rooms, dreamdust_ecumenical_altar_drowned_temple,
          gammafunk_ghost_cemetery, hangedman_decor_points, nrook_uturn,
          uniq_natasha
D:5:      layout_basic, gammafunk_temple_overflow_elements,
          minmay_a_box_with_orc_wizards_in_it

Skill      XL: |  1  2  3  4  5  6 |
---------------+-------------------+-----
Axes           | 2 3 4 5 |  5.4
Fighting       | 4 |  4.0
Armour         | |  3.2
Dodging        | |  0.8
Shields        | |  3.2

Action                     |  1- 3 |  4- 6 || total
---------------------------+-------+-------++-------
  Melee: War axe           |   143 |    70 ||   213
    Use: Scroll            |     3 |       ||     3
 Armour: Scale mail        |    64 |    84 ||   148
  Dodge: Dodged            |    66 |    46 ||   112
  Block: Buckler           |    31 |    11 ||    42

Table legend:
 A = Non-vault XP
 B = Vault XP
 C = Vault XP percentage of total XP
 D = Non-vault monster count
 E = Vault monster count
 F = Vault count percentage of total count
                 A         B        C        D         E       F
            +---------+---------+-------+---------+---------+-------
      Total |     307 |     104 |  25.3 |      62 |       3 |   4.6
            +---------+---------+-------+---------+---------+-------
        D:1 |      42 |       0 |   0.0 |      26 |       0 |   0.0
        D:2 |      52 |       0 |   0.0 |      23 |       0 |   0.0
        D:3 |      22 |       0 |   0.0 |       6 |       0 |   0.0
        D:5 |     191 |     104 |  35.3 |       7 |       3 |  30.0
            +---------+---------+-------+---------+---------+-------
